 Dungeon Crawl Stone Soup version 0.18-a0-1343-g48c8f86 (webtiles) character file.

50 M4edhros the Sneak (level 3, -8/23 HPs)
             Began as an Octopode Artificer on Feb 16, 2016.
             Mangled by an iguana (14 damage)
             ... on level 4 of the Dungeon.
             The game lasted 00:03:09 (1898 turns).

M4edhros the Sneak (Octopode Artificer)             Turns: 1898, Time: 00:03:09

Health: -8/23      AC:  1    Str: 10    XL:     3   Next: 79%
Magic:  5/5        EV: 12    Int: 15    God:
Gold:   77         SH:  0    Dex: 12    Spells: 0 memorised, 2 levels left

rFire  . . .     SeeInvis .     a - +0 short sword
rCold  . . .     Gourm    .     (no shield)
rNeg   . . .     Faith    .     (helmet restricted)
rPois  .         Spirit   .     (no amulet)
rElec  .         Dismiss  .     (no ring)
rCorr  .         Reflect  .     (no ring)
SustAt .         Harm     .     (no ring)
MR     .....                    (no ring)
Stlth  ++++......               (no ring)
                                (no ring)
                                (no ring)
                                (no ring)

@: not resistant to hostile enchantments, stealthy
A: almost no armour, amphibious, 8 rings, constrict 8, camouflage 1, gelatinous
body 1
a: no special abilities


You were on level 4 of the Dungeon.
You were hungry.

You visited 1 branch of the dungeon, and saw 4 of its levels.

You collected 77 gold pieces.

Inventory:

Hand Weapons
 a - a +0 short sword (weapon)
Missiles
 g - 44 stones (quivered)
 m - 12 sling bullets of flame
 o - 17 sling bullets of frost
Wands
 b - a wand of flame (13/48)
 c - a wand of enslavement (11/24)
 d - a wand of random effects (13/48)
Scrolls
 e - 2 scrolls of noise {unknown}
 k - a scroll of identify {unknown}
 l - a scroll of amnesia {unknown}
 p - a scroll of fear {unknown}
Potions
 h - a potion of curing {unknown}
 i - 2 potions of ambrosia {unknown}
 j - a potion of brilliance {unknown}
 n - a potion of cure mutation {unknown}
 q - a potion of haste {unknown}
Comestibles
 f - 3 bread rations


   Skills:
 - Level 1.0 Fighting
 - Level 1.0 Short Blades
 - Level 2.0 Dodging
 + Level 5.1 Stealth
 - Level 3.2 Evocations


You had 2 spell levels left.
You didn't know any spells.

Dungeon Overview and Level Annotations

Branches:
Dungeon (4/15)
 Temple: D:4-7

Altars:

Annotations:
D:4 Robin


Innate Abilities, Weirdness & Mutations

You cannot wear most types of armour.
You are amphibious.
You can wear up to eight rings at the same time.
You can use your tentacles to constrict eight enemies at once.
Your skin changes colour to match your surroundings (Stealth).
Your rubbery body absorbs attacks (AC +1).


Message History

Zapping:
d - a wand of random effects (14/48)
Press: ? - help, Shift-Dir - straight line, f - iguana
Aim: an iguana (severely wounded)
The iguana seems to speed up.
This wand has 13 charges left.
The iguana barely misses you. The iguana bites you.
* * * LOW HITPOINT WARNING * * *
Evoke which item? (* to show all) (? for menu, Esc to quit)
Zapping:
c - a wand of enslavement (13/24)
Press: ? - help, Shift-Dir - straight line, f/p - iguana
Aim: an iguana (severely wounded, fast, chance to defeat MR: 62%)
The iguana resists with significant effort.
This wand has 12 charges left.
The iguana misses you.
Evoke which item? (* to show all) (? for menu, Esc to quit)
Zapping:
c - a wand of enslavement (12/24)
Press: ? - help, Shift-Dir - straight line, f/p - iguana
Aim: an iguana (severely wounded, fast, chance to defeat MR: 62%)
The iguana resists with significant effort.
This wand has 11 charges left.
The iguana bites you!
Ouch! That really hurt!
You die...

#...............#
#.............#####
##...#####.).......#.
#>...................
.###.............<......
...........#############
.........#.##
.........#.##############
########@#...#.#.#.#.#.#.
######l####.#.#.#.#.#.#
..gg..gg....###.###.###.
g...g...####.#.#.#.#.#.#
.g......# #.#.#.#.#.#.
........# ############
.g......# ..g.....#
..#######


You could see an iguana and 3 goblins.

Vanquished Creatures
  An adder (D:1)
  2 oozes
  2 giant geckos (D:1)
  A giant cockroach (D:1)
  2 goblins
  2 hobgoblins
  4 jackals (D:2)
  6 kobolds
  5 bats
  A giant newt (D:1)
  5 rats
31 creatures vanquished.

Notes
Turn   | Place    | Note
--------------------------------------------------------------
     0 | D:1      | M4edhros the Octopode Artificer began the quest for the Orb.
     0 | D:1      | Reached XP level 1. HP: 13/13 MP: 3/3
   294 | D:1      | Reached XP level 2. HP: 11/18 MP: 4/4
   565 | D:1      | Reached skill level 4 in Stealth
   565 | D:1      | Reached XP level 3. HP: 5/23 MP: 5/5
  1768 | D:4      | Reached skill level 5 in Stealth
  1820 | D:4      | Noticed an ogre
  1893 | D:4      | Noticed Robin
  1898 | D:4      | Mangled by an iguana

Vault maps used:
D:1:      minmay_arrival_plants_in_alcoves
D:2:      uniq_terence
D:3:      gammafunk_pakellas_cloud_experiment
D:4:      gup_sewer_entry_bowl, roderic_roman_lattice, uniq_natasha,
          uniq_eustachio, uniq_robin

Action                   || total
-------------------------++-------
Melee: Short sword       ||    69
Evoke: Wand              ||     8
  Use: Potion            ||     1
 Stab: Sleeping          ||    11
  Eat: Chunk             ||     3
